 Dungeon Crawl Stone Soup version 0.30-a0-223-gcb0039aa0c (webtiles) character file.

Game seed: 9097946965125088573

63 qw the Chopper (level 4, -5/28 HPs)
             Began as a Gargoyle Fighter on Oct 9, 2022.
             Slain by a worm (7 damage)
             ... on level 2 of the Dungeon.
             The game lasted 00:00:39 (1677 turns).

qw the Chopper (Gargoyle Fighter)                   Turns: 1677, Time: 00:00:40

Health: -5/28      AC: 10    Str: 21    XL:     4   Next: 10%
Magic:  4/4        EV:  9    Int:  9    God:
Gold:   49         SH:  4    Dex:  9    Spells: 3/3 levels left

rFire   . . .      SeeInvis .    Y - +0 war axe
rCold   . . .      Faith    .    c - +0 buckler
rNeg    + . .      Spirit   .    b - +0 scale mail
rPois   inf        Reflect  .    (no helmet)
rElec   +          Harm     .    (no cloak)
rCorr   .          Rampage  .    (no gloves)
Will    .....                    (no boots)
Stlth   ..........               (no amulet)
HPRegen 0.24/turn                (no ring)
MPRegen 0.09/turn                (no ring)

@: about to teleport
A: sickness immunity, AC +3, negative energy resistance 1, electricity
resistance, torment resistance 1, petrification resistance
a: no special abilities


You were on level 2 of the Dungeon.
You visited 1 branch of the dungeon, and saw 2 of its levels.

You collected 49 gold pieces.


Innate Abilities, Weirdness & Mutations

You are immune to sickness and miasma.
Your stone body is resilient. (AC +3)
You are immune to poison.
You resist negative energy. (rN+)
You are resistant to electric shocks. (rElec)
You are resistant to unholy torment.
You are immune to petrification.


   Skills:
 - Level 3.2 Fighting
 + Level 3.9 Axes
 - Level 3.2 Armour
 - Level 3.2 Shields


You had 3 spell levels left.
You didn't know any spells.
Your spell library was empty.

Inventory:

Hand Weapons
 l - a +0 whip
 Y - a +0 war axe (weapon)
Armour
 b - a +0 scale mail (worn)
 c - a +0 buckler (worn)
Scrolls
 a - a scroll of fog {unknown}
 h - a scroll of fear {unknown}
 i - a scroll of identify {unknown}
Potions
 d - 2 potions of might
 e - 3 potions of attraction {unknown}
 f - a potion of lignification {unknown}
 j - a potion of flight {unknown}
 k - a potion of mutation {unknown}

Dungeon Overview and Level Annotations

Branches:
Dungeon (2/15)

Altars:


Message History

You slash the frilled lizard!
You kill the frilled lizard! 2 worms come into view.
Found a dagger.
1667 ||| Stepping ~*~*~tactically~*~*~ (stealth).
You hit the worm.
The worm is lightly wounded.
The worm bites you!
You slash the worm!
The worm is heavily wounded.
You hit the worm.
The worm is heavily wounded.
The worm bites you.
You hit the worm but do no damage.
The worm is heavily wounded.
You barely miss the worm. The worm bites you.
The worm bites you but does no damage.
You slash the worm!
You kill the worm!
You hit the worm. The worm bites you but does no damage.
You hit the worm.
The worm is moderately wounded.
You hit the worm.
The worm is moderately wounded.
You hit the worm but do no damage. The worm barely misses you.
The worm bites you!
1675 ||| READING scroll of teleportation.
As you read the scroll of teleportation, it crumbles to dust.
You feel strangely unstable. You block the worm's attack.
The worm barely misses you.
You slash the worm!
The worm is severely wounded.
You hit the worm. The worm bites you.
You barely miss the worm.
The worm is severely wounded.
You barely miss the worm. The worm bites you!
You die...

.# #..#....#.###
#.# #.##.# .#
#..##...#.# #.#
##.##.## .#
#..###.##.#
#.###......#
.#####..# #.##.#
#.##......##
.....)>.###.##.##
..........#
..........#.#...#
#.##......##
.######.#.###.).#
#....<.....#
..).....#.###..w##
######..#.##
.#####..#.##...w@#
#..### .#
#..#.##.#.#.##
#..# .# #..###.
#.#..### #... .#
####).
#.##...#####..#.
.#####. .. w.
###....#####..
....... # .}
####.......#.
###### ###..
###..).#######.# #
..##.##...#### #
.. #..###


You could see 2 worms.

Vanquished Creatures
  An adder (D:2)
  2 worms (D:2)
  2 dart slugs
  7 ball pythons
  4 endoplasms
  2 giant cockroaches (D:1)
  3 goblins
  4 hobgoblins
  2 jackals (D:1)
  2 quokkas
  2 bats
  4 frilled lizards
  4 kobolds
  5 rats
44 creatures vanquished.

Notes
Turn   | Place    | Note
-------+----------+-------------------------------------------
     0 | D:1      | qw the Gargoyle Fighter began the quest for the Orb.
     0 | D:1      | Reached XP level 1. HP: 14/14 MP: 1/1
     0 | D:1      | 0 ||| qw: Version: 0.2-a-17-g06abaee
     0 | D:1      | 0 ||| qw: Game counter: 2232
     0 | D:1      | 0 ||| qw: Always use a shield: true
     0 | D:1      | 0 ||| qw: God list: Okawaru
     0 | D:1      | 0 ||| qw: Allow faded altars: false
     0 | D:1      | 0 ||| qw: Do Orc after D:15 true
     0 | D:1      | 0 ||| qw: Do second Lair branch before Depths: true
     0 | D:1      | 0 ||| qw: Lair rune preference: random
     0 | D:1      | 0 ||| qw: Plans: Normal, Zot:1-4, God:TSO, Crypt, Tomb,
                  | Pan, Slime:5, Hells, Abyss, Orb
     0 | D:1      | 0 ||| PLANNING D:1-11
    23 | D:1      | 23 ||| Stepping ~*~*~tactically~*~*~ (stealth).
   430 | D:1      | Reached XP level 2. HP: 15/19 MP: 2/2
   657 | D:1      | 657 ||| Stepping ~*~*~tactically~*~*~ (stealth).
   659 | D:1      | 659 ||| Stepping ~*~*~tactically~*~*~ (hiding).
   809 | D:1      | Reached skill level 3 in Axes
   854 | D:1      | Reached XP level 3. HP: 23/23 MP: 3/3
   856 | D:1      | 856 ||| Stepping ~*~*~tactically~*~*~ (stealth).
   871 | D:1      | 871 ||| DROPPING +0 club.
  1120 | D:1      | 1120 ||| READING scroll labelled ASCHYL BOADI.
  1121 | D:1      | 1121 ||| READING 2 scrolls labelled GUVOIN ZODEF.
  1126 | D:1      | 1126 ||| READING scroll labelled OPLOFE SYJIDOMN.
  1127 | D:1      | 1127 ||| READING scroll labelled MUPYXA GELAUNKON.
  1253 | D:2      | 1253 ||| Stepping ~*~*~tactically~*~*~ (stealth).
  1316 | D:2      | 1316 ||| Stepping ~*~*~tactically~*~*~ (hiding).
  1584 | D:2      | 1584 ||| Stepping ~*~*~tactically~*~*~ (stealth).
  1658 | D:2      | 1658 ||| Stepping ~*~*~tactically~*~*~ (stealth).
  1662 | D:2      | Reached XP level 4. HP: 28/28 MP: 4/4
  1667 | D:2      | 1667 ||| Stepping ~*~*~tactically~*~*~ (stealth).
  1674 | D:2      | HP: 7/28 [worm (8)]
  1675 | D:2      | 1675 ||| READING scroll of teleportation.
  1676 | D:2      | HP: 1/28 [worm (6)]
  1677 | D:2      | Slain by a worm

Levels and vault maps discovered:
D:1:      wander_arrival_estate, layout_loops_corners,
          nicolae_kite_square_tiling_tiny, roderic_serpentine_path
D:2:      minmay_general_purpose_star, layout_loops_ring,
          chequers_ecumenical_altar_twisty

Skill      XL: |  1  2 |
---------------+-------+-----
Axes           | 2 3 |  3.9
Fighting       | |  3.2
Armour         | |  3.2
Shields        | |  3.2

Action                   |  1- 3 |  4- 6 || total
-------------------------+-------+-------++-------
Melee: War axe           |   124 |    11 ||   135
  Use: Scroll            |     4 |     1 ||     5
Armor: Scale mail        |    60 |     2 ||    62
Dodge: Dodged            |    45 |     2 ||    47
Block: Buckler           |    18 |     1 ||    19

Table legend:
 A = Non-vault XP
 B = Vault XP
 C = Vault XP percentage of total XP
 D = Non-vault monster count
 E = Vault monster count
 F = Vault count percentage of total count
                 A         B        C        D         E       F
            +---------+---------+-------+---------+---------+-------
      Total |      79 |      12 |  13.2 |      40 |       4 |   9.1
            +---------+---------+-------+---------+---------+-------
        D:1 |      42 |       0 |   0.0 |      25 |       0 |   0.0
        D:2 |      37 |      12 |  24.5 |      15 |       4 |  21.1
            +---------+---------+-------+---------+---------+-------
